Unix NetHack Version 3.7.0-66 Work-in-progress - last build Nov 6 2022 04:58:13 (41522215133c5c68cd37dc5926fcc84d625ae6c5,branch:master). Game began 2022-11-21 10:57:10, ended 2022-11-21 11:07:01. bezaban, neutral male human Tourist )---- GG...--- .@..^..| ...--..| -..|--.| --- --- Bezaban the Rambler St:13 Dx:12 Co:15 In:11 Wi:8 Ch:16 Neutral Dlvl:4 $:175 HP:0(21) Pw:5(5) AC:9 Xp:2/33 T:1507 Deaf Latest messages: a - a +2 dart (at the ready) (37 in total). You hear crashing rock. What do you want to throw? [$ars or ?*] In what direction? What do you want to eat? [cdfgvxC or ?*] Never mind. You stop. Catface is in the way! You are momentarily blinded by a flash of light! You hear a deafening roar! You feel an unseen monster! You feel an unseen monster! It arches! You hit it. In what direction? In what direction? It arches! The dart hits it. You can see again. a - a +2 dart (at the ready) (36 in total). a - a +2 dart (at the ready) (37 in total). You swap places with Catface. The gnome hits! You hit the gnome. In what direction? You kill the gnome! In what direction? You kill the gnome! Welcome to experience level 2. a - a +2 dart (at the ready) (36 in total). In what direction? You kill the gnome! The gnome lord picks up a +2 dart. In what direction? The dart hits the gnome lord. The gnome lord hits! In what direction? The dart misses the gnome lord. In what direction? The dart hits the gnome lord. The gnome lord hits! The gnome hits! You are almost hit by a runed dagger. The gnome lord stops momentarily and appears to cringe. The gnome hits! You die... Do you want your possessions identified? [ynq] (y) Do you want to see your attributes? [ynq] (y) Do you want an account of creatures vanquished? [ynaq] (y) Do you want to see your conduct and achievements? [ynq] (y) Do you want to see the dungeon overview? [ynq] (y) Inventory: Coins $ - 175 gold pieces Amulets u - a cursed amulet of restful sleep Weapons a - 32 +2 darts (at the ready) r - 7 +0 darts s - a cursed poisoned +0 dart Armor o - an uncursed +0 orcish helm w - an uncursed +0 orcish helm (being worn) k - an uncursed +0 Hawaiian shirt with a parrot motif (being worn) Comestibles f - 2 uncursed food rations c - 2 uncursed fortune cookies v - an uncursed fortune cookie g - an uncursed tripe ration x - 2 cursed homemade tins of lichen d - 4 uncursed eggs C - an uncursed lichen corpse Scrolls B - an uncursed scroll of confuse monster j - a blessed scroll of magic mapping i - 3 uncursed scrolls of magic mapping n - a blessed scroll of remove curse Spellbooks F - an uncursed spellbook of blank paper Potions h - 2 uncursed potions of extra healing Tools t - a cursed blindfold m - an uncursed credit card l - an expensive camera (0:76) p - an uncursed leash E - a cursed lock pick y - a cursed oil lamp Gems/Stones q - 2 cursed obsidian stones D - a cursed worthless piece of yellowish brown glass Bezaban the Tourist's attributes: Background: You were a Rambler, a level 2 male human Tourist. You were neutral, nominally on a mission for The Lady who was opposed by Blind Io (lawful) and Offler (chaotic). You were in the Gnomish Mines, on level 4. You entered the dungeon 1507 turns ago. You had 33 experience points, 7 more were needed to attain level 3. Basics: You had 0 out of 21 hit points. You had all 5 energy points (spell power). Your armor class was 9. Your wallet contained 175 zorkmids. Autopickup was on for '$!?/"=%' plus thrown, with exceptions. Final Characteristics: Your strength was 13 (limit:18/100). Your dexterity was 12 (limit:18). Your constitution was 15 (limit:18). Your intelligence was 11 (limit:18). Your wisdom was 8 (limit:18). Your charisma was 16 (limit:18). Final Status: You were deaf. You were not hungry. You were unencumbered. You were bare handed. You were unskilled in bare handed combat. Final Attributes: You were fervently aligned. You are dead. Miscellaneous: You never encountered a bones level. Total elapsed playing time was 9 minutes and 50 seconds. Major events: Turn 1: bezaban the neutral male human Tourist entered the dungeon 1472: entered the Gnomish Mines 1507: killed by a gnome Vanquished creatures: a dwarf a hobbit a yellow mold 4 gnomes 3 jackals a kobold 3 goblins 5 grid bugs 5 lichens a kobold zombie 2 newts 27 creatures vanquished. No species were genocided or became extinct. Voluntary challenges: You were an atheist. You never hit with a wielded weapon. You were illiterate. You never engraved Elbereth. You never genocided any monsters. You never polymorphed an object. You never changed form. You used no wishes. Achievement: You entered the Gnomish Mines. The Dungeons of Doom: levels 1 to 3 Level 1: A fountain. Level 2: A fountain. Level 3: A sink, a grave. Stairs down to The Gnomish Mines. The Gnomish Mines: Level 4: <- You were here. Final resting place for you, killed by a gnome. Game over: ---------- / \ / REST \ / IN \ / PEACE \ / \ | bezaban | | 175 Au | | killed by a | | gnome | | | | | | 2022 | *| * * * | * _________)/\\_//(\/(/\)/\//\/|_)_______ Aloha bezaban the Tourist... You died in The Gnomish Mines on dungeon level 4 with 313 points, and 175 pieces of gold, after 1507 moves. You were level 2 with a maximum of 21 hit points when you died.